Map: Mech Depot LE

Players

soul - Winner!

  • Race: Terran Terran
  • Spawn Location: 7:00

PiLiPiLi

  • Race: Protoss Protoss
  • Spawn Location: 1:00

Event: WCS Montreal 2017

VOD

Have the link to the VOD?

Description

Time

  • Played on: Sept. 8, 2017, 11:58 a.m.
  • Length: 12:09

All games in this series

Show
View Real Time Build Order
Export as new Build Order

soul Terran - Winner!

Build Orders: Gas First Reaper Expand, Liberator Opening, Reaper Expand, MMM Bio 

Get SALT Encoding   

  12  0:00  SCV  
  13  0:13  SCV  
  14  0:17  Supply Depot  
  14  0:25  SCV  
  15  0:30  Refinery  
  15  0:39  SCV  
  16  0:45  Barracks  
  16  0:51  SCV  
  17  1:03  SCV  
  18  1:15  SCV  
  19  1:32  Orbital Command, Reaper  
  20  1:52  Command Center  
  20  1:58  Factory  
  20  2:04  SCV  
  21  2:10  Barracks Reactor  
  21  2:11  Refinery  
  21  2:16  SCV  
  21  2:20  Supply Depot  
  22  2:28  SCV  
  23  2:42  SCV  
  23  2:43  Starport  
  24  2:45  Widow Mine  
  24  2:48  Marine  
  24  2:49  Marine  
  28  2:58  SCV  
  29  3:06  Marine  
  29  3:07  Marine  
  31  3:13  Orbital Command  
  31  3:14  Cyclone  
  34  3:21  Medivac  
  34  3:23  SCV  
  34  3:25  Marine  
  38  3:27  Marine  
  39  3:34  Liberator  
  39  3:35  SCV  
  39  3:38  SCV  
  39  3:40  Supply Depot  
  41  3:47  SCV  
  41  3:50  SCV  
  45  3:58  Marine  
  45  4:01  SCV  
  45  4:02  SCV  
  48  4:08  Marine  
  49  4:13  Barracks  
  49  4:14  SCV x2  
  51  4:21  Engineering Bay  
  51  4:26  Marine, SCV  
  51  4:27  Barracks, SCV  
  54  4:35  Marine  
  54  4:37  Widow Mine  
  54  4:38  SCV  
  53  4:39  SCV  
  53  4:44  Supply Depot x2  
  54  4:49  Missile Turret  
  54  4:52  Missile Turret  
  54  4:57  Supply Depot  
  54  5:00  Bunker  
  54  5:05  Barracks Tech Lab  
  54  5:06  SCV x2  
  56  5:08  Marine  
  56  5:09  Marine  
  56  5:18  SCV x2  
  58  5:24  Barracks Tech Lab  
  58  5:26  Marine  
  60  5:30  Marine, SCV x2, Stimpack  
  63  5:35  Refinery  
  63  5:37  Starport  
  63  5:42  Combat Shields  
  61  5:47  SCV  
  62  5:50  SCV  
  63  5:57  Command Center  
  63  5:59  Barracks, Barracks Reactor  
  63  6:00  Barracks  
  63  6:04  SCV  
  63  6:06  Marine, Marauder  
  63  6:11  SCV  
  68  6:14  Supply Depot  
  68  6:16  Refinery  
  68  6:18  SCV  
  69  6:20  Supply Depot  
  69  6:23  Terran Infantry Weapons Level 1  
  69  6:24  Marauder  
  71  6:27  Marine  
  71  6:28  SCV  
  73  6:34  SCV  
  73  6:36  Supply Depot  
  74  6:40  SCV  
  74  6:44  Marine  
  74  6:45  Marine  
  74  6:46  SCV, Marauder  
  80  6:49  Medivac x2  
  80  6:51  Barracks Reactor, Barracks Tech Lab  
  84  6:54  SCV  
  84  7:00  SCV  
  86  7:02  Starport, Supply Depot  
  86  7:03  Marauder  
  86  7:06  Supply Depot, SCV  
  89  7:09  Marine, Concussive Shells  
  89  7:12  Supply Depot, SCV x2, Factory Reactor  
  89  7:15  Marauder  
  94  7:18  SCV, Marauder  
  97  7:24  SCV  
  97  7:25  Marauder  
  97  7:26  Orbital Command  
  100  7:30  SCV  
  100  7:31  Marine  
  100  7:34  Medivac  
  100  7:35  Medivac  
  100  7:36  Marine  
  100  7:37  SCV  
  108  7:40  Liberator x2  
  108  7:42  SCV  
  109  7:46  Marauder x3  
  109  7:49  SCV  
  116  7:55  SCV  
  116  7:57  Supply Depot  
  122  8:04  Marine  
  122  8:05  Marine  
  123  8:07  Marine, Marauder x2  
  123  8:08  Marauder  
  123  8:09  Marine  
  123  8:10  Widow Mine  
  133  8:22  Supply Depot, Marine, Terran Infantry Armor Level 1  
  133  8:23  Supply Depot, Marine  
  133  8:25  Marine  
  136  8:28  Marine  
  136  8:29  Marauder x3  
  136  8:33  Armory  
  143  8:37  SCV x2, Refinery  
  143  8:38  Refinery  
  145  8:42  Marine  
  145  8:46  Marine, SCV  
  146  8:49  Viking  
  146  8:50  Viking, Marauder x3  
  146  8:53  Marine  
  157  8:57  Marine  
  157  9:02  Supply Depot x2  
  158  9:03  SCV x2  
  158  9:07  Ghost Academy, Marine x2  
  162  9:11  Marauder  
  162  9:16  Marine  
  165  9:22  Supply Depot  
  165  9:23  Viking, Supply Depot  
  168  9:25  Viking, Supply Depot  
  168  9:29  Viking  
  172  9:34  Viking  
  173  9:40  Terran Ship Weapons Level 1  
  173  9:42  Engineering Bay  
  173  9:43  Ghost  
  173  9:46  Ghost  
  171  10:01  Viking  
  171  10:04  Command Center  
  171  10:06  Viking  
  171  10:07  Viking  
  177  10:10  Marine  
  177  10:11  Marauder  
  177  10:13  Marine, Marauder  
  183  10:19  Viking  
  169  10:29  Marine, Marauder  
  169  10:30  Viking, Marine  
  169  10:32  Marauder  
  169  10:34  Marine  
  169  10:35  Marine, Marauder  
  165  10:45  Medivac  
  165  10:47  Medivac, Marine  
  165  10:48  Marine  
  171  10:51  Medivac, Marauder  
  171  10:54  Marauder  
  171  10:56  Marauder  
  179  10:58  Liberator  
  175  11:05  Marine x3  
  175  11:06  Marine  
  179  11:12  Marauder  
  179  11:15  Marauder  
  179  11:17  Marine  
  183  11:21  Planetary Fortress  
  183  11:23  Marine x2  
  183  11:24  Medivac  
  183  11:33  Marine  
  183  11:34  Marauder  
  183  11:35  Marauder  
  183  11:36  Marauder  
  183  11:38  Marine  
  172  11:41  Marine  
  172  11:46  Marine  
  169  12:02  Barracks  
  169  12:03  Barracks  
Show
View Real Time Build Order
Export as new Build Order

PiLiPiLi Protoss 

Build Orders: 1 Gate Expand 

Get SALT Encoding   

  12  0:01  Probe (Chrono Boost)  
  13  0:11  Probe (Chrono Boost)  
  14  0:18  Pylon  
  14  0:22  Probe (Chrono Boost)  
  15  0:36  Probe (Chrono Boost)  
  15  0:37  Gateway  
  16  0:44  Assimilator  
  16  0:46  Probe (Chrono Boost)  
  17  0:57  Probe (Chrono Boost)  
  18  1:08  Probe (Chrono Boost)  
  19  1:19  Nexus  
  19  1:22  Probe (Chrono Boost)  
  20  1:32  Cybernetics Core  
  20  1:41  Probe (Chrono Boost)  
  20  1:43  Assimilator  
  21  1:52  Probe (Chrono Boost)  
  21  1:53  Pylon  
  22  2:02  Probe (Chrono Boost)  
  23  2:10  Warp Gate (Chrono Boost)  
  23  2:13  Mothership Core (Chrono Boost)  
  25  2:18  Adept (Chrono Boost)  
  27  2:31  Probe (Chrono Boost)  
  27  2:32  Probe (Chrono Boost)  
  29  2:41  Robotics Facility  
  29  2:42  Probe  
  29  2:43  Probe  
  31  2:46  Adept (Chrono Boost)  
  33  2:55  Probe  
  33  2:57  Probe  
  35  3:07  Probe, Adept  
  35  3:09  Probe  
  39  3:15  Gateway  
  39  3:19  Probe, Gateway  
  40  3:21  Probe  
  40  3:27  Pylon  
  41  3:33  Warp Prism (Chrono Boost)  
  43  3:36  Probe  
  43  3:38  Probe  
  45  3:46  Pylon  
  45  3:48  Probe  
  46  3:50  Probe, Pylon  
  47  3:57  Pylon  
  47  4:13  Probe, Observer (Chrono Boost)  
  47  4:16  Stalker x3  
  53  4:21  Probe  
  53  4:25  Probe  
  53  4:27  Assimilator  
  53  4:29  Assimilator  
  54  4:33  Probe  
  54  4:40  Probe  
  54  4:45  Probe, Adept x2  
  56  4:47  Adept  
  56  4:52  Probe  
  63  4:57  Probe  
  64  5:04  Probe  
  65  5:09  Probe  
  66  5:18  Probe  
  58  5:21  Stalker x3  
  58  5:23  Probe  
  58  5:25  Robotics Bay  
  61  5:30  Probe  
  61  5:35  Probe (Chrono Boost)  
  63  5:42  Probe (Chrono Boost)  
  64  5:43  Observer (Chrono Boost)  
  64  5:47  Probe (Chrono Boost)  
  66  5:53  Probe (Chrono Boost)  
  67  6:01  Forge  
  67  6:04  Sentry, Zealot x2, Forge  
  69  6:06  Pylon x2  
  73  6:17  Colossus (Chrono Boost)  
  73  6:19  Extended Thermal Lance (Chrono Boost)  
  79  6:30  Stalker  
  81  6:34  Protoss Ground Weapons Level 1 (Chrono Boost)  
  81  6:36  Protoss Ground Armor Level 1 (Chrono Boost)  
  81  6:46  Pylon  
  81  6:48  Pylon  
  81  7:01  Nexus  
  81  7:04  Colossus  
  81  7:05  Pylon  
  81  7:11  Pylon  
  81  7:13  Twilight Council  
  87  7:15  Pylon  
  87  7:27  Probe  
  87  7:28  Probe  
  89  7:37  Sentry  
  89  7:38  Zealot x2  
  89  7:39  Probe  
  96  7:45  Gateway x2  
  96  7:46  Gateway  
  96  7:48  Pylon  
  96  7:49  Probe  
  97  7:52  Blink (Chrono Boost)  
  97  8:00  Colossus  
  97  8:04  Probe  
  104  8:08  Stalker  
  104  8:12  Stalker  
  106  8:16  Stalker  
  108  8:25  Probe x2  
  110  8:28  Pylon  
  110  8:33  Stalker  
  112  8:41  Stalker  
  112  8:42  Stalker x3  
  120  8:52  Disruptor (Chrono Boost)  
  116  8:59  Protoss Ground Weapons Level 2 (Chrono Boost), Protoss Ground Armor Level 2 (Chrono Boost)  
  116  9:02  Stalker x2  
  123  9:03  Probe x2  
  123  9:04  Assimilator  
  123  9:06  Assimilator  
  123  9:07  Probe  
  126  9:11  Dark Shrine  
  126  9:15  Probe  
  127  9:19  Stalker x2  
  127  9:24  Probe  
  130  9:40  Stalker  
  130  9:41  Disruptor, Stalker x3  
  130  9:43  Pylon  
  130  9:44  Probe x2, Photon Cannon  
  140  9:57  Stalker x2  
  144  10:04  Pylon  
  144  10:05  Pylon  
  144  10:12  Stalker x2  
  144  10:13  Warp Prism  
  132  10:23  Stalker x3  
  135  10:34  Stalker  
  127  10:40  Stalker x2  
  128  10:44  Disruptor  
  128  10:46  Stalker x2  
  128  10:47  Stalker  
  137  10:59  Pylon  
  137  11:01  Pylon  
  133  11:04  Stalker x3  
  133  11:09  Pylon  
  133  11:10  Stalker x2  
  143  11:14  Stalker  
  143  11:15  Disruptor  
  139  11:35  Stalker x2  
  139  11:36  Stalker x3  
  109  11:41  Zealot  
  87  11:58  Stalker  
  87  11:59  Stalker x4  
Tags
 
Add a new tag
Caveats
  • Supply blocks, unpowered buildings, or Contaminate may cause inaccurate times.
  • Supply counts are checked every 10 seconds.